 Dungeon Crawl Stone Soup version 0.31-a0-232-gb1c03b2570 (webtiles) character file.

Game seed: 4006520559396010369

64 qw the Shooter (level 4, -1/26 HPs)
             Began as a Gargoyle Hexslinger on July 7, 2023.
             Killed by divine providence
             ... invoked by an orc priest
              (11 damage)
             ... on level 3 of the Dungeon.
             The game lasted 00:00:45 (1763 turns).

qw the Shooter (Gargoyle Hexslinger)                Turns: 1763, Time: 00:00:46

Health: -1/26      AC: 10    Str: 11    XL:     4   Next: 12%
Magic:  0/5        EV: 15    Int: 14    God:
Gold:   70         SH:  0    Dex: 14    Spells: 4/5 levels left

rFire   . . .        Y - +1 sling
rCold   . . .        (no shield)
rNeg    + . .        d - +0 ring mail
rPois   inf          g - +0 helmet
rElec   +            (no cloak)
rCorr   .            (no gloves)
SInv    .            (no boots)
Will    .....        a - amulet of guardian spirit
Stlth   +            f - +5 ring of evasion
HPRegen 0.24/turn    (no ring)
MPRegen 0.09/turn

%: guardian spirit
@: no status effects
A: sickness immunity, AC +3, negative energy resistance 1, electricity
resistance, torment resistance 1, petrification resistance
a: no special abilities


You were on level 3 of the Dungeon.
You visited 1 branch of the dungeon, and saw 3 of its levels.

You collected 70 gold pieces.


Innate Abilities, Weirdness & Mutations

You are immune to sickness and miasma.
Your stone body is resilient. (AC +3)
You are immune to poison.
You resist negative energy. (rN+)
You are resistant to electric shocks. (rElec)
You are resistant to unholy torment.
You are immune to petrification.


   Skills:
 - Level 2.0 Fighting
 + Level 3.5 Ranged Weapons
 - Level 1.5 Armour
 - Level 1.5 Dodging
 - Level 1.0 Spellcasting
 - Level 2.6 Hexes


You had 4 spell levels left.
You knew the following spells:

 Your Spells              Type           Power      Damage    Failure   Level
a - Slow                  Hex            32%        N/A       21%         1

Your spell library contained the following spells:

 Spells                   Type           Power      Damage    Failure   Level
 Inner Flame              Hex/Fire       4%         N/A       71%         3
 Portal Projectile        Hex/Tloc       8%         N/A       71%         3
 Cause Fear               Hex            4%         N/A       90%         4

Inventory:

Hand Weapons
 Y - a +1 sling (weapon)
Armour
 d - a +0 ring mail (worn)
 g - a +0 helmet (worn)
Jewellery
 a - an amulet of guardian spirit (around neck)
 e - a ring of ice
 f - a +5 ring of evasion (left hand)
Potions
 b - a potion of enlightenment {unknown}
 c - a potion of cancellation
 i - a potion of attraction {unknown}

Dungeon Overview and Level Annotations

Branches:
Dungeon (3/15)

Altars:
Wu Jian


Message History

You shoot a sling bullet.
The sling bullet closely misses the orc priest.
You shoot a sling bullet. The sling bullet hits the orc priest.
The orc priest is moderately wounded.
The hobgoblin closely misses you. The orc priest barely misses you.
The hobgoblin misses you. The orc priest barely misses you.
An orc priest comes into view. It is wielding a +0 short sword.
You shoot a sling bullet. The orc priest shouts!
The sling bullet hits the orc priest.
The orc priest is heavily wounded.
You hear a shout!
The hobgoblin barely misses you.
The orc priest hits you but does no damage.
You shoot a sling bullet. The sling bullet hits the orc priest.
The orc priest is almost dead.
The hobgoblin misses you.
The orc priest hits you with a +0 hand axe.
An adder comes into view.
The orc priest invokes the aid of Beogh against you.
Pain shoots through your body!
The orc priest begins to cast a cantrip, but forgets the words!
The hobgoblin closely misses you.
You shoot a sling bullet. The adder hisses angrily.
The sling bullet hits the orc priest but does no damage.
The orc priest is almost dead.
The hobgoblin closely misses you.
The orc priest hits you but does no damage.
You shoot a sling bullet.
The sling bullet barely misses the orc priest.
The hobgoblin misses you. The orc priest closely misses you.
The orc priest misses you.
You shoot a sling bullet.
The sling bullet hits the orc priest but does no damage.
The orc priest is almost dead.
The hobgoblin closely misses you.
The orc priest invokes the aid of Beogh against you.
Beogh smites you!
You die...

####...####........###
## ##..## ##........<)
...# #...#####........#
..
..##.#...............
#.#....##............#.
#....#.##.#####........
.##...#....# #....(. .
.........### ####..# ^
....S.o@## ... .
..#.#.o.g# .. ..
##....# .> #......
#....... #.###..... #.
.#... #. .....


You could see 2 orc priests, an adder and a hobgoblin.

Vanquished Creatures
  2 adders
  2 worms (D:2)
  A dart slug (D:2)
  An orc (D:3)
  2 endoplasms
  A giant cockroach (D:1)
  2 hobgoblins (D:2)
  6 jackals (D:1)
  4 kobolds
  4 ball pythons
  4 bats (D:1)
  2 frilled lizards
  2 goblins
  6 rats
39 creatures vanquished.

Notes
Turn   | Place    | Note
-------+----------+-------------------------------------------
     0 | D:1      | qw the Gargoyle Hexslinger began the quest for the Orb.
     0 | D:1      | Reached XP level 1. HP: 12/12 MP: 2/2
     0 | D:1      | 0 ||| qw: Version: 0.3-a-46-gb1f654a
     0 | D:1      | 0 ||| qw: Game counter: 2698
     0 | D:1      | 0 ||| qw: Melee chars always use a shield: true
     0 | D:1      | 0 ||| qw: God list: Okawaru
     0 | D:1      | 0 ||| qw: Allow faded altars: false
     0 | D:1      | 0 ||| qw: Do Orc after clearing Dungeon:15 true
     0 | D:1      | 0 ||| qw: Do second Lair branch before Depths: true
     0 | D:1      | 0 ||| qw: Lair rune preference: random
     0 | D:1      | 0 ||| qw: Goals: Normal
     0 | D:1      | 0 ||| PLANNING D:1-11
   108 | D:1      | Reached XP level 2. HP: 14/16 MP: 3/3
   171 | D:1      | You fall into a shaft and drop 1 floor!
   177 | D:2      | Reached skill level 3 in Ranged Weapons
   206 | D:2      | 206 ||| UPGRADING to +0 helmet.
   211 | D:2      | 211 ||| READING scroll labelled GIULOXK ETUE.
   212 | D:2      | 212 ||| READING scroll labelled XETAOS ES IFUAPH.
   218 | D:2      | 218 ||| FLEEEEING.
   219 | D:2      | 219 ||| FLEEEEING.
   220 | D:2      | 220 ||| FLEEEEING.
   221 | D:2      | 221 ||| STAIRDANCE
   622 | D:1      | 622 ||| UPGRADING to +0 ring mail.
   632 | D:1      | 632 ||| DROPPING +0 robe.
   906 | D:1      | Reached XP level 3. HP: 21/21 MP: 4/4
  1209 | D:1      | 1209 ||| UPGRADING to amulet of guardian spirit.
  1214 | D:1      | 1214 ||| READING scroll labelled LUS ULUN BUNE.
  1215 | D:1      | 1215 ||| READING scroll labelled KUHATA MODOLL.
  1216 | D:1      | 1216 ||| READING scroll labelled BOAJOX WODONGIDGH.
  1219 | D:1      | 1219 ||| READING scroll labelled ROGIEXTE PUDOPS.
  1220 | D:1      | 1220 ||| DRINKING 2 fizzy orange potions.
  1221 | D:1      | 1221 ||| DROPPING scroll of poison.
  1272 | D:2      | Found an ornate altar of the Wu Jian Council.
  1353 | D:2      | Reached skill level 1 in Armour
  1391 | D:2      | HP: 4/21 [worm (7)]
  1667 | D:2      | 1667 ||| UPGRADING to +5 ring of evasion.
  1668 | D:2      | 1668 ||| READING scroll labelled CUSHIY KURHI.
  1669 | D:2      | 1669 ||| DRINKING 2 green potions.
  1678 | D:2      | 1678 ||| DROPPING potion of ambrosia.
  1688 | D:3      | 1688 ||| PLANNING SEWER
  1703 | D:3      | Reached XP level 4. HP: 23/26 MP: 5/5
  1763 | D:3      | Killed from afar by an orc priest

Levels and vault maps discovered:
D:1:      scummos_arrival_gate, layout_basic
D:2:      layout_rooms, basic_altar
D:3:      layout_rooms, chequers_temple_overflow_minitemple, ashenzari_altar_1,
          gup_sewer_entry_pipe, serial_corexii_hall, corexii_hall_statues_x,
          corexii_hall_statues_u

Skill      XL: |  1  2  3 |
---------------+----------+-----
Ranged Weapons | 3 |  3.5
Fighting       | 2 |  2.0
Armour         | 1 |  1.5
Dodging        | |  1.5
Spellcasting   | |  1.0
Hexes          | |  2.6

Action                     |  1- 3 |  4- 6 || total
---------------------------+-------+-------++-------
   Fire: Sling             |   159 |    18 ||   177
    Use: Scroll            |     7 |       ||     7
         Potion            |     2 |       ||     2
 Armour: Robe              |    10 |       ||    10
         Ring mail         |    43 |     4 ||    47
  Dodge: Dodged            |    74 |    12 ||    86

Table legend:
 A = Non-vault XP
 B = Vault XP
 C = Vault XP percentage of total XP
 D = Non-vault monster count
 E = Vault monster count
 F = Vault count percentage of total count
                 A         B        C        D         E       F
            +---------+---------+-------+---------+---------+-------
      Total |      92 |       0 |   0.0 |      39 |       0 |   0.0
            +---------+---------+-------+---------+---------+-------
        D:1 |      34 |       0 |   0.0 |      22 |       0 |   0.0
        D:2 |      39 |       0 |   0.0 |      13 |       0 |   0.0
        D:3 |      19 |       0 |   0.0 |       4 |       0 |   0.0
            +---------+---------+-------+---------+---------+-------
